 Dungeon Crawl Stone Soup version 0.23.2-33-g5129a83184 (webtiles) character file.

Game seed: 18077669831671795860

469 microfolk the Sneak (level 7, -2/41 HPs)
             Began as an Octopode Ice Elementalist on July 8, 2019.
             Slain by an orc priest
             ... wielding a +0 trident
              (5 damage)
             ... on level 4 of the Dungeon.
             The game lasted 00:20:18 (7115 turns).

microfolk the Sneak (Octopode Ice Elementalist)     Turns: 7115, Time: 00:20:19

Health: -2/41      AC:  1    Str:  7    XL:     7   Next: 9%
Magic:  6/10       EV: 14    Int: 20    God:
Gold:   149        SH:  0    Dex: 12    Spells: 3/10 levels left

rFire    . . .     SeeInvis .   a - +0 short sword
rCold    . . .     Gourm    .   (no shield)
rNeg     . . .     Faith    .   (helmet restricted)
rPois    .         Spirit   .   (no amulet)
rElec    .         Reflect  .   (no ring)
rCorr    .         Harm     .   (no ring)
MR       .....                  (no ring)
Stlth    ++++......             (no ring)
HPRegen  0.13/turn              (no ring)
MPRegen  0.12/turn              (no ring)
                                (no ring)
                                (no ring)

@: no status effects
A: almost no armour, stealthy swim, amphibious, 8 rings, constrict 8, camouflage
1, gelatinous body 1
a: no special abilities


You were on level 4 of the Dungeon.
You were not hungry.

You visited 1 branch of the dungeon, and saw 4 of its levels.

You collected 149 gold pieces.

Inventory:

Hand Weapons
 a - a +0 short sword (weapon)
 b - a +0 hunting sling
 f - a cursed +0 spear
Missiles
 g - 38 sling bullets
 k - 148 stones (quivered)
Scrolls
 c - 4 scrolls of remove curse {@r2}
 e - a scroll of enchant armour {unknown}
 h - a scroll of immolation {unknown}
 l - a scroll of magic mapping
 q - 2 scrolls of enchant weapon {unknown}
 r - a scroll of amnesia {unknown}
 s - a scroll of blinking {unknown}
Potions
 d - a potion of haste {unknown}
 j - a potion of agility
 m - a potion of berserk rage {unknown}
 n - 2 potions of heal wounds {unknown}
 o - a potion of flight {unknown}
Comestibles
 p - 10 rations


   Skills:
 + Level 3.8 Dodging
 - Level 5.0 Stealth
 + Level 2.0 Spellcasting
 - Level 1.0 Conjurations
 * Level 3.6 Summonings
 + Level 4.9 Ice Magic


You had 3 spell levels left.
You knew the following spells:

 Your Spells              Type           Power        Failure   Level  Hunger
a - Freeze                Ice            ###.         1%          1    #......
b - Throw Frost           Conj/Ice       ##....       7%          2    ##.....
c - Summon Ice Beast      Ice/Summ       ###.....     26%         4    #####..

Your spell library contained the following spells:

 Spells                   Type           Power        Failure   Level  Hunger
 Ozocubu's Armour         Chrm/Ice       ##......     17%         3    ###....
 Throw Icicle             Conj/Ice       ##......     43%         4    #####..


Dungeon Overview and Level Annotations

Branches:
Dungeon (4/15)
 Temple: D:4-7

Altars:
Makhleb
Zin

Annotations:
D:4 exclusions: orc priest and 2 orc wizards


Innate Abilities, Weirdness & Mutations

You cannot wear most types of armour.
You are very stealthy in the water. (Stealth+)
You are amphibious.
You can wear up to eight rings at the same time.
You can use your tentacles to constrict eight enemies at once.
Your skin changes colour to match your surroundings (Stealth+).
Your rubbery body absorbs attacks. (AC +1, EV +1)


Message History

The orc priest is too close now for your liking.
Casting: Freeze (safe; 1% risk of failure)
Confirm with . or Enter, or press ? or * to list all spells.
Aiming: Throw Frost (safe; 7% risk of failure)
Press: ? - help, Shift-Dir - straight line, f - orc priest
Aim: an orc priest, wielding a +0 trident (hasn't noticed you)
The puff of frost hits the orc priest.
The orc priest is lightly wounded.
The orc priest calls down the wrath of Beogh upon you.
Beogh smites you!
* * * LOW HITPOINT WARNING * * *
Casting: Throw Frost (safe; 7% risk of failure)
Confirm with . or Enter, or press ? or * to list all spells.
Aiming: Throw Frost (safe; 7% risk of failure)
Press: ? - help, Shift-Dir - straight line, f/p - orc priest
Aim: an orc priest, wielding a +0 trident (lightly wounded)
The puff of frost hits the orc priest.
The orc priest is moderately wounded.
The orc priest hits you from afar with a +0 trident.
You die...

.#####..........##...).....#
..####................$(...#####
.................#....(.........
########........................
#.##.........[...........
####.#.(#....#..##..###.....
##.........#####(.....# .....
#.[........o........#.# l...
####....#.##....@[.....#.# ..
#....####........<......... .
#.###......###...#.###.###.
#.##..###.## ###...###.# #.
.....## #.# #........# ..
รท....# #.# #>.......# .....#
#.# #........# #..#### #.#
#........# ##....# #.#
#...(......


You could see an orc priest.

Vanquished Creatures
  2 hounds (D:4)
  A centaur skeleton (D:4)
  Natasha (twice) (D:2)
  A worker ant (D:4)
  Robin (D:3)
  8 adders
  3 worms
  A leopard gecko (D:3)
  4 orcs
  3 giant cockroaches
  14 goblins
  11 hobgoblins
  3 jackals (D:1)
  8 kobolds
  2 quokkas
  3 ball pythons
  10 bats
  7 frilled lizards
  3 rats (D:2)
87 creatures vanquished.

Vanquished Creatures (collateral kills)
  Grinder (D:3)
1 creature vanquished.

Grand Total: 88 creatures vanquished

Notes
Turn   | Place    | Note
-------+----------+-------------------------------------------
     0 | D:1      | microfolk the Octopode Ice Elementalist began the quest for
                  | the Orb.
     0 | D:1      | Reached XP level 1. HP: 11/11 MP: 3/3
   758 | D:1      | Reached skill level 3 in Stealth
   758 | D:1      | Reached XP level 2. HP: 9/17 MP: 1/5
  1607 | D:1      | Learned a level 2 spell: Throw Frost
  2340 | D:2      | Reached XP level 3. HP: 21/21 MP: 6/6
  3106 | D:3      | Noticed Robin
  3348 | D:2      | Reached XP level 4. HP: 27/27 MP: 2/7
  3357 | D:2      | Learned a level 4 spell: Summon Ice Beast
  3425 | D:2      | Noticed Natasha
  3429 | D:2      | Killed Natasha
  3632 | D:3      | Reached skill level 4 in Stealth
  3902 | D:3      | Reached skill level 1 in Summonings
  4460 | D:3      | Reached XP level 5. HP: 31/31 MP: 3/8
  4694 | D:3      | Noticed Grinder
  5218 | D:4      | Reached XP level 6. HP: 36/36 MP: 3/9
  5539 | D:2      | Noticed Natasha
  5548 | D:2      | Killed Natasha
  6415 | D:3      | Killed Robin
  6635 | D:3      | Found a burning altar of Makhleb.
  6635 | D:3      | Found a glowing silver altar of Zin.
  6636 | D:3      | Noticed an angel
  6636 | D:3      | Noticed a balrug
  6639 | D:3      | Reached skill level 5 in Stealth
  6721 | D:3      | Killed Grinder
  6721 | D:3      | Reached XP level 7. HP: 25/41 MP: 0/10
  7115 | D:4      | Slain by an orc priest

Skill      XL: |  1  2  3  4  5  6 |
---------------+-------------------+-----
Stealth        | 3 4 5 |  5.0
Ice Magic      | 4 |  4.9
Summonings     | 1 2 3 |  3.6
Dodging        | 3 |  3.8
Spellcasting   | |  2.0
Conjurations   | |  1.0

Action                   |  1- 3 |  4- 6 |  7- 9 || total
-------------------------+-------+-------+-------++-------
Melee: Short sword       |    11 |    57 |     6 ||    74
       Constrict         |     4 |    11 |     1 ||    16
       Tentacles         |     1 |     8 |       ||     9
 Fire: Hunting sling     |       |       |     5 ||     5
Throw: Stone             |    61 |    13 |     2 ||    76
 Cast: Freeze            |    41 |    30 |     5 ||    76
       Throw Frost       |    20 |    39 |     7 ||    66
       Summon Ice Beast  |       |     2 |       ||     2
  Use: Scroll            |     2 |     3 |       ||     5
       Potion            |       |     1 |       ||     1
 Stab: Sleeping          |     2 |     7 |       ||     9
  Eat: Chunk             |     9 |    10 |       ||    19
       Ration            |       |     1 |     1 ||     2
Armor: Skin              |     2 |     7 |       ||     9
Dodge: Dodged            |    27 |    57 |     5 ||    89
